 Dungeon Crawl Stone Soup version 0.31.0-32-g396128a36d (webtiles) character file.

Game seed: 9786126636335973602

486 PitcairnIslander the Ruffian (level 6, -1/59 HPs)
             Began as a Troll Delver on Mar 20, 2024.
             Slain by a scorpion (2 damage)
             ... on level 5 of the Dungeon.
             The game lasted 00:03:52 (772 turns).

PitcairnIslander the Ruffian (Troll Delver)          Turns: 772, Time: 00:03:53

Health: -1/59      AC:  4    Str: 21    XL:     6   Next: 89%
Magic:  6/6        EV: 10    Int:  8    God:
Gold:   58         SH:  0    Dex: 11    Spells: 4/7 levels left

rFire   . .          .
                       - Unarmed
rCold   . . .        (no shield)
rNeg    . . .        a - +0 robe
rPois   .            (helmet restricted)
rElec   .            (no cloak)
rCorr   .            (gloves unavailable)
SInv    .            (boots unavailable)
Will    .....        (no amulet)
Stlth   ++           (no ring)
HPRegen 1.09/turn    (no ring)
MPRegen 0.10/turn

%: no passive effects
@: lethally poisoned (-1 -> -1)
A: large, unfitting armour, claws 3, regeneration 1, shaggy fur 1, tough skin 1
a: no special abilities


You were on level 5 of the Dungeon.
You visited 1 branch of the dungeon, and saw 1 of its levels.
You also visited: Sewer.

You collected 58 gold pieces.

Inventory:

Armour
 a - a +0 robe (worn)
Wands
 f - a wand of digging (3)
Scrolls
 b - a scroll of fog
 e - a scroll of teleportation
Potions
 c - 3 potions of enlightenment


   Skills:
 * Level 2.9 Fighting
 * Level 1.3 Armour
 * Level 2.5 Dodging
 * Level 3.5 Stealth
 * Level 4.2 Unarmed Combat
 * Level 1.0 Spellcasting
 * Level 0.2 Hexes
 * Level 1.2 Evocations


You had 4 spell levels left.
You knew the following spells:

 Your Spells              Type           Power      Damage    Failure   Level
a - Tukima's Dance        Hex            0%         N/A       73%         3

Your spell library contained the following spells:

 Spells                   Type           Power      Damage    Failure   Level
 Dimensional Bullseye     Hex/Tloc       0%         N/A       98%         4
 Iskenderun's Mystic Bla  Conj/Tloc      0%         2d3       98%         4


Dungeon Overview and Level Annotations

Branches:
Dungeon (5/15)             Temple (0/1) D:5           Sewer (visited)

Altars:


Innate Abilities, Weirdness & Mutations

You are too large for most types of armour.
You have claws for hands.
Your natural rate of healing is unusually fast.
You are covered in fur. (AC +1)
You have tough skin. (AC +1)


Message History

Throw: boomerang
Press: ? - help, Q - select action Shift-Dir - straight line, f - adder
Aim: an adder (wandering, hasn't noticed you, 29% to hit)
You throw a boomerang. The boomerang misses the adder.
Unknown command.
Things that are here:
a bombardier beetle corpse; a scorpion corpse; an iguana corpse The adder bites you.
You claw the adder!
You kill the adder!
The scorpion stings you.
You are poisoned.
The scorpion poisons you!
Things that are here:
a bombardier beetle corpse; a scorpion corpse; an iguana corpse You claw the scorpion!
The scorpion is moderately wounded.
You feel very sick. The scorpion stings you.
* * * LOW HITPOINT WARNING * * *
The scorpion closely misses you.
You closely miss the scorpion.
The scorpion is moderately wounded.
You feel sick. The scorpion stings you!
* * * LOW HITPOINT WARNING * * *
Unknown command.
Okay, then.
You feel sick.
You claw the scorpion!
The scorpion is almost dead.
You feel sick. The scorpion barely misses you.
You barely miss the scorpion.
The scorpion is almost dead.
You feel sick. The scorpion stings you.
* * * LOW HITPOINT WARNING * * *
You scratch the scorpion.
The scorpion is almost dead.
* * * LOW HITPOINT WARNING * * *
You feel sick. The scorpion stings you.
You die...

** **, *****,, **,,,,,, *,,***,,
########################**,******
################........,,,,,,,,,
################..##...#,,,,****,
################@##*...#,,,,* **
################s###..#*,,,,*****
##......########).....#**,,,,,,,,
##......########.....## *,,,*,,,,
##......########...### *,,,*,,,,
##.............#.#### **,,**,,,
##........####.#....#### *,,****,
##..>...#......#.......###*,,,,,,
##############.#...l.....#**,,,,,


You could see a scorpion.

Vanquished Creatures
  2 crocodiles (Sewer)
  A scorpion (D:5)
  A bombardier beetle (D:5)
  An orc priest (D:5)
  An iguana (D:5)
  An orc wizard (D:5)
  A sickly merfolk siren (Sewer)
  A malarious merfolk avatar (Sewer)
  A river rat (Sewer)
  6 adders
  A dart slug (D:5)
  5 orcs (D:5)
  5 ball pythons (Sewer)
  7 giant cockroaches
  4 frilled lizards (Sewer)
  20 rats (Sewer)
58 creatures vanquished.

Notes
Turn   | Place    | Note
-------+----------+-------------------------------------------
     0 | D:5      | PitcairnIslander the Troll Delver began the quest for the
                  | Orb.
     0 | D:5      | Reached XP level 1. HP: 22/22 MP: 0/0
    28 | D:5      | Noticed an orc priest
    47 | D:5      | Killed an orc priest
    48 | D:5      | Reached XP level 2. HP: 22/29 MP: 1/1
    48 | D:5      | Reached XP level 3. HP: 28/36 MP: 2/2
    58 | D:5      | Found a glowing drain.
    90 | Sewer    | Entered a sewer
   205 | Sewer    | Reached XP level 4. HP: 37/44 MP: 3/3
   272 | Sewer    | Noticed a crocodile
   330 | Sewer    | Killed a crocodile
   331 | Sewer    | Reached skill level 3 in Unarmed Combat
   331 | Sewer    | Reached XP level 5. HP: 27/50 MP: 3/5
   386 | Sewer    | Reached skill level 1 in Armour
   390 | Sewer    | Noticed a crocodile
   413 | Sewer    | Killed a crocodile
   414 | Sewer    | Reached XP level 6. HP: 37/59 MP: 6/6
   537 | Sewer    | Learned a level 3 spell: Tukima's Dance
   578 | D:5      | Reached skill level 1 in Evocations
   672 | D:5      | Found a staircase to the Ecumenical Temple.
   738 | D:5      | Reached skill level 1 in Spellcasting
   744 | D:5      | Reached skill level 4 in Unarmed Combat
   771 | D:5      | HP: 1/59 [scorpion (3)]
   772 | D:5      | Slain by a scorpion

Illustrated notes

Levels and vault maps discovered:
D:5:      minmay_recursive_quarters, layout_rooms,
          minmay_temple_entry_drinking_statues, gup_sewer_entry_glass

Skill      XL: |  1  2  3  4  5  6 |
---------------+-------------------+-----
Stealth        | 3 |  3.5
Dodging        | 2 |  2.5
Unarmed Combat | 3 4 |  4.2
Armour         | 1 |  1.3
Evocations     | 1 |  1.2
Spellcasting   | 1 |  1.0
Fighting       | |  2.9
Hexes          | |  0.2

Action                     |  1- 3 |  4- 6 || total
---------------------------+-------+-------++-------
  Melee: Unarmed           |    59 |   130 ||   189
         Punch             |     1 |     2 ||     3
  Throw: Boomerang         |       |     1 ||     1
    Use: Scroll            |     1 |     3 ||     4
         Potion            |       |     3 ||     3
   Stab: Sleeping          |     1 |     1 ||     2
 Armour: Robe              |    43 |    62 ||   105
  Dodge: Dodged            |    25 |    69 ||    94
